 Dungeon Crawl Stone Soup version 0.21.1-1-g345015fe64 (webtiles) character file.

23 DildoBatman the Vexing (level 3, -4/28 HPs)
             Began as a Formicid Enchanter on Apr 17, 2018.
             Slain by a worm (8 damage)
             ... on level 1 of the Dungeon.
             The game lasted 00:02:34 (1260 turns).

DildoBatman the Vexing (Formicid Enchanter)         Turns: 1260, Time: 00:02:34

Health: -4/28      AC:  5    Str: 13    XL:     3   Next: 12%
Magic:  6/6        EV: 10    Int: 14    God:
Gold:   15         SH:  0    Dex: 11    Spells: 2/6 levels left

rFire    . . .     SeeInvis +   b - +0 mace
rCold    . . .     Gourm    .   (no shield)
rNeg     . . .     Faith    .   k - +0 ring mail (curse)
rPois    .         Spirit   .   (helmet unavailable)
rElec    .         Reflect  .   (no cloak)
rCorr    .         Harm     .   (no gloves)
MR       .....                  (no boots)
Stlth    ++........             (no amulet)
HPRegen  0.09/turn              (no ring)
MPRegen  0.10/turn              (no ring)

@: no status effects
A: permanent stasis, dig shafts and tunnels, four strong arms, antennae 3
a: Dig, Shaft Self


You were on level 1 of the Dungeon.
You were hungry.

You visited 1 branch of the dungeon, and saw 2 of its levels.

You collected 15 gold pieces.

Inventory:

Hand Weapons
 a - a +1 dagger
 b - a +0 mace (weapon)
Missiles
 j - 6 stones (quivered)
Armour
 k - a cursed +0 ring mail (worn)
Scrolls
 e - 2 scrolls of remove curse {unknown}
 g - a scroll of blinking {unknown}
 i - a scroll of identify {unknown}
Potions
 d - 2 potions of resistance {unknown}
 h - a potion of berserk rage {unknown}
Books
 c - a book of Maledictions

   Spells                             Type                      Level
   a - Corona                         Hexes                        1
   b - Ensorcelled Hibernation        Hexes/Ice                    2
   c - Confuse                        Hexes                        3
   d - Tukima's Dance                 Hexes                        3
   e - Dazzling Spray                 Conjuration/Hexes            3
Comestibles
 f - 6 chunks of flesh
 v - 4 rations


   Skills:
 * Level 2.8 Fighting
 - Level 1.0 Short Blades
 - Level 1.7 Dodging
 - Level 3.6 Stealth
 - Level 2.1 Spellcasting
 - Level 3.6 Hexes


You had 2 spell levels left.
You knew the following spells:

 Your Spells              Type           Power        Failure   Level  Hunger
a - Corona                Hex            ##.....      12%         1    #......
b - Confuse               Hex            ##......     34%         3    ###....


Dungeon Overview and Level Annotations

Branches:
Dungeon (2/15)

Altars:


Innate Abilities, Weirdness & Mutations

You cannot be hasted, slowed, berserked, paralysed or teleported.
You can dig through walls and to a lower floor.
Your four strong arms can wield two-handed weapons with a shield.
You have a pair of large antennae on your head. (SInv)


Message History

The worm misses you.
You completely miss the worm.
The worm is lightly wounded.
The worm bites you.
You barely miss the worm.
The worm is lightly wounded.
The worm stops glowing.
You hit the worm.
The worm is moderately wounded.
The worm bites you!
You barely miss the worm.
The worm is moderately wounded.
The worm bites you!
You sock the worm!
The worm is severely wounded.
The worm closely misses you.
Your ring mail prevents you from hitting the worm.
The worm is severely wounded.
The worm bites you!
You die...

###.#
##..###.##.##.##.##..###
# #.#
#...w##)###.#.#.###.....
# #.# #.#............##
#..... # #.#
#...###.####..## #.....
# #.# ##### #.#
#..#####..... ###.# #†#
#............ ....# #.#
#.######.#### ##### #w#
##.## #.# # #@###...##
#.# #
#######.##.#.#.####.# #
#...................# #
#.#####....#.#.#########
# #.# #.###...###.......
# ####.# #.# ##.##
#.###### # #....# #.#
#.# #.# # #.##.## ##.#
#.# #.# # #.###.###.##
#.# #.#


You could see a worm.

Vanquished Creatures
  A giant cockroach (D:1)
  6 hobgoblins (D:1)
  4 jackals (D:1)
  A ball python (D:1)
  3 goblins
  2 kobolds (D:1)
  4 rats (D:1)
21 creatures vanquished.

Notes
Turn   | Place    | Note
-------+----------+-------------------------------------------
     0 | D:1      | DildoBatman the Formicid Enchanter began the quest for the Orb.
     0 | D:1      | Reached XP level 1. HP: 13/13 MP: 3/3
   222 | D:1      | Reached skill level 1 in Fighting
   556 | D:1      | Reached XP level 2. HP: 21/21 MP: 3/5
   996 | D:1      | Reached XP level 3. HP: 6/28 MP: 4/6
  1001 | D:1      | Learned a level 3 spell: Confuse
  1260 | D:1      | Slain by a worm

Skill      XL: |  1  2 |
---------------+-------+-----
Fighting       | 1 2 |  2.8
Short Blades   | |  1.0
Dodging        | |  1.7
Stealth        | |  3.6
Spellcasting   | |  2.1
Hexes          | |  3.6

Action                   || total
-------------------------++-------
Melee: Dagger            ||    75
       Mace              ||     8
 Cast: Corona            ||    14
 Abil: Dig               ||     1
 Stab: Sleeping          ||     1
  Eat: Chunk             ||     1
Armor: Leather armour    ||     9
       Ring mail         ||    19
Dodge: Dodged            ||    47
